 Seeded DCSS version 0.30-a0-726-gd89dcf765f (webtiles) character file.

Game seed: 4129031442797403394 (custom seed)

34 purpskrrrp the Digger (level 3, 0/20 HPs)
             Began as a Gargoyle Earth Elementalist on Jan 29, 2023.
             Slain by Terence
             ... wielding a +1 mace of protection
              (5 damage)
             ... on level 2 of the Dungeon.
             The game lasted 00:03:01 (1439 turns).

purpskrrrp the Digger (Gargoyle Earth Elementalist) Turns: 1439, Time: 00:03:02

Health: 0/20       AC:  5    Str: 11    XL:     3   Next: 31%
Magic:  4/6        EV: 12    Int: 17    God:
Gold:   731        SH:  0    Dex: 16    Spells: 5/6 levels left

rFire   . . .      SeeInvis .    d - +1 whip (elec)
rCold   . . .      Faith    .    (no shield)
rNeg    + . .      Spirit   .    a - +0 robe
rPois   ∞          Reflect  .    (no helmet)
rElec   +          Harm     .    (no cloak)
rCorr   .          Rampage  .    (no gloves)
Will    .....                    (no boots)
Stlth   ++                       (no amulet)
HPRegen 0.23/turn                g - +6 ring of dexterity
MPRegen 0.10/turn                (no ring)

@: no status effects
A: sickness immunity, AC +3, negative energy resistance 1, electricity
resistance, torment resistance 1, petrification resistance
a: no special abilities


You were on level 2 of the Dungeon.
You visited 1 branch of the dungeon, and saw 2 of its levels.

You collected 731 gold pieces.

Inventory:

Hand Weapons
 c - a +1 dagger of venom
 d - a +1 whip of electrocution (weapon)
Armour
 a - a +0 robe (worn)
Jewellery
 g - a +6 ring of dexterity (left hand)
Wands
 h - a wand of paralysis (5)
Potions
 b - a potion of magic
 e - a potion of flight {unknown}
 f - a potion of curing {unknown}


   Skills:
 + Level 0.7 Fighting
 + Level 0.9 Armour
 - Level 1.5 Dodging
 + Level 2.5 Stealth
 + Level 2.1 Spellcasting
 + Level 1.2 Transmutations
 * Level 4.2 Earth Magic


You had 5 spell levels left.
You knew the following spells:

 Your Spells              Type           Power      Damage    Failure   Level
a - Sandblast             Erth           32%        2d9       3%          1

Your spell library contained the following spells:

 Spells                   Type           Power      Damage    Failure   Level
 Passwall                 Tmut/Erth      9%         N/A       10%         2
 Stone Arrow              Conj/Erth      18%        3d8       24%         3
 Petrify                  Tmut/Erth      11%        N/A       52%         4


Dungeon Overview and Level Annotations

Branches:
Dungeon (2/15)

Altars:

Shops:
D:2 (

Annotations:
D:2 Terence


Innate Abilities, Weirdness & Mutations

You are immune to sickness and miasma.
Your stone body is resilient. (AC +3)
You are immune to poison.
You resist negative energy. (rN+)
You are resistant to electric shocks. (rElec)
You are resistant to unholy torment.
You are immune to petrification.


Message History

There are monsters nearby!
There are monsters nearby!
A rat comes into view.
The hobgoblin throws a stone.
The stone hits you.
The blast of sand hits Terence but does no damage.
Terence shouts!
The hobgoblin throws a stone.
The stone hits you.
The blast of sand hits Terence but does no damage.
You closely miss Terence.
Terence hits you with a +1 mace of protection.
You are too injured to fight recklessly!
You are too injured to fight recklessly!
You are too injured to fight recklessly!
You are too injured to fight recklessly!
You are too injured to fight recklessly!
You are too injured to fight recklessly!
You are too injured to fight recklessly!
You are too injured to fight recklessly!
You are too injured to fight recklessly!
You are too injured to fight recklessly!
You are too injured to fight recklessly!
You are too injured to fight recklessly!
You are too injured to fight recklessly!
You are too injured to fight recklessly!
You are too injured to fight recklessly!
You are too injured to fight recklessly!
You are too injured to fight recklessly!
You are too injured to fight recklessly!
You are too injured to fight recklessly!
You are too injured to fight recklessly!
You hit Terence but do no damage. The rat barely misses you.
The hobgoblin hits you but does no damage.
Terence barely misses you.
You hit Terence but do no damage. Lightning courses through Terence!
Terence is almost dead.
The hobgoblin hits you.
* * * LOW HITPOINT WARNING * * *
The rat bites you but does no damage.
Terence hits you with a +1 mace of protection.
You die...

#...###...#
###.###.#.#
###+#<..#...
#......######
#......#
#......#
####......#
#.........###
#....@....'...
#...g@r...####
#.........#
#.........#
#.........#
#.........#
#.........#
#.........#


You could see Terence, a hobgoblin and a rat.

Vanquished Creatures
  A dart slug (D:1)
  2 endoplasms
  2 goblins
  4 hobgoblins
  3 quokkas
  A ball python (D:1)
  5 bats (D:1)
  A frilled lizard (D:2)
  7 kobolds
  4 rats (D:1)
30 creatures vanquished.

Notes
Turn   | Place    | Note
-------+----------+-------------------------------------------
     0 | D:1      | purpskrrrp the Gargoyle Earth Elementalist began the quest
                  | for the Orb.
     0 | D:1      | Reached XP level 1. HP: 10/10 MP: 3/3
   265 | D:1      | Reached XP level 2. HP: 16/16 MP: 3/5
   449 | D:1      | Reached skill level 4 in Earth Magic
   506 | D:1      | Reached skill level 1 in Transmutations
   783 | D:1      | Reached XP level 3. HP: 20/20 MP: 4/6
  1216 | D:1      | Identified a scroll of acquirement
  1216 | D:1      | Acquired 632 gold pieces
  1426 | D:2      | Found Bock's Antique Weapon Shoppe.
  1432 | D:2      | Noticed Terence
  1439 | D:2      | Slain by Terence

Illustrated notes

Levels and vault maps discovered:
D:1:      minmay_arrival_open_corners, layout_basic
D:2:      layout_basic, serial_shops, shop, uniq_terence

Skill      XL: |  1  2 |
---------------+-------+-----
Earth Magic    | 4 |  4.2
Transmutations | 1 |  1.2
Fighting       | |  0.7
Armour         | |  0.9
Dodging        | |  1.5
Stealth        | |  2.5
Spellcasting   | |  2.1

Action                     || total
---------------------------++-------
  Melee: Unarmed           ||    31
         Whip              ||     3
   Cast: Sandblast         ||    41
    Use: Scroll            ||     4
         Potion            ||     1
 Armour: Robe              ||    12
  Dodge: Dodged            ||    23

Table legend: (Time is in decaauts)
 A = Elapsed time spent in this place.
 B = Non-inter-level travel time spent in this place.
 C = Inter-level travel time spent in this place.
 D = Time resting spent in this place.
 E = Time spent auto-exploring this place.
 F = Levels seen in this place.
 G = Mean time per level.
                   A        B        C        D        E       F      G
               +--------+--------+--------+--------+--------+-----+--------+
         Total |   1458 |   1404 |     54 |     76 |   1139 |   2 |  729.0 |
       Dungeon |   1458 |   1404 |     54 |     76 |   1139 |   2 |  729.0 |
               +--------+--------+--------+--------+--------+-----+--------+

Top non-repeatable levels by time:
     D:1: 1302 daAuts
     D:2: 156 daAuts
